 Dungeon Crawl Stone Soup version 0.29-a0-96-g93358da72b (webtiles) character file.

Game seed: 4652813573455677403

31017 Gargoyl the Cleaver (level 13, -4/80 HPs)
             Began as a Gargoyle Abyssal Knight on Feb 13, 2022.
             Was a High Priest of Lugonu.
             Shot with an arrow by Nessos (22 damage)
             ... on level 6 of the Lair of Beasts.
             The game lasted 00:30:29 (20312 turns).

Gargoyl the Cleaver (Gargoyle Abyssal Knight)      Turns: 20312, Time: 00:30:30

Health: -4/80      AC: 33    Str: 19    XL:     13   Next: 55%
Magic:  20/20      EV: 28    Int: 12    God:    Lugonu [*****.]
Gold:   1047       SH:  0    Dex: 13    Spells: 12/12 levels left

rFire   . . .      SeeInvis +   a - +2 hand axe (vamp)
rCold   . . .      Faith    .   J - +3 kite shield "Caibriwn" {Rampage Dex+3}
rNeg    + + .      Spirit   .   f - +0 acid dragon scales
rPois   ∞          Reflect  .   M - +2 helmet {SInv}
rElec   +          Harm     .   (no cloak)
rCorr   +          Rampage  +   A - +2 pair of gloves
Will    .....                   v - +2 pair of boots
Stlth   +.........              E - amulet of the acrobat
HPRegen 0.23/turn               b - +4 ring of protection
MPRegen 0.17/turn               y - ring of positive energy

@: confused, ambrosia-drunk, acrobatic
A: sickness immunity, AC +9, negative energy resistance 1, electricity
resistance, torment resistance 1, petrification resistance, iridescent scales 1,
weak 1
a: Renounce Religion, Depart the Abyss, Bend Space, Banish, Corrupt, Enter the
Abyss


You were on level 6 of the Lair of Beasts.
You worshipped Lugonu.
Lugonu was extremely pleased with you.
You visited 2 branches of the dungeon, and saw 15 of its levels.
You visited the Abyss 1 time.
You also visited: Sewer and Ossuary.

You collected 1047 gold pieces.

Inventory:

Hand Weapons
 a - a +2 vampiric hand axe (weapon)
 g - a +2 long sword of freezing
 C - a +3 broad axe of freezing
Missiles
 t - 13 poisoned darts (quivered)
 x - a throwing net
Armour
 f - +0 acid dragon scales (worn)
 v - a +2 pair of boots (worn)
 A - a +2 pair of gloves (worn)
 J - the +3 kite shield "Caibriwn" (worn) {Rampage Dex+3}
   (You found it on level 3 of the Lair of Beasts)

   Dex:       It affects your dexterity (+3).
   Rampage:   It bestows one free step when moving towards enemies.
 M - a +2 helmet of see invisible (worn)
Jewellery
 b - a +4 ring of protection (left hand)
 y - a ring of positive energy (right hand)
 z - an amulet of magic regeneration
 E - an amulet of the acrobat (around neck)
 H - a +6 ring of intelligence
 N - a ring of positive energy
Wands
 c - a wand of digging (12)
 d - a wand of mindburst (26)
 m - a wand of iceblast (21)
 p - a wand of acid (11)
 s - a wand of polymorph (6)
 B - a wand of flame (29)
 L - a wand of paralysis (4)
Scrolls
 q - 5 scrolls of blinking
 r - 8 scrolls of identify
 w - 6 scrolls of teleportation
 F - 3 scrolls of fog
 K - a scroll of magic mapping
Potions
 e - 2 potions of lignification
 h - a potion of flight
 i - a potion of ambrosia
 j - 4 potions of brilliance
 k - 2 potions of cancellation
 l - a potion of invisibility
 n - 3 potions of berserk rage
 o - 3 potions of resistance
 u - a potion of heal wounds
 D - a potion of haste
 G - 6 potions of curing
 I - 2 potions of magic


   Skills:
 + Level 9.6 Fighting
 * Level 13.5 Axes
 + Level 2.9 Throwing
 + Level 8.2 Armour
 * Level 7.9 Dodging
 + Level 1.9 Stealth
 + Level 5.0 Shields
 * Level 9.3 Invocations


You had 12 spell levels left.
You didn't know any spells.
Your spell library contained the following spells:

 Spells                   Type           Power      Damage    Failure   Level
 Beastly Appendage        Tmut           0%         N/A       75%         1
 Summon Small Mammal      Summ           0%         N/A       75%         1
 Blink                    Tloc           0%         N/A       87%         2
 Corpse Rot               Necr/Air       0%         N/A       87%         2
 Wereblood                Tmut           0%         N/A       87%         2
 Call Canine Familiar     Summ           0%         N/A       98%         3
 Dazzling Flash           Conj/Hex       0%         N/A       98%         3
 Gell's Gravitas          Tloc           0%         N/A       98%         3
 Lesser Beckoning         Tloc           0%         N/A       98%         3
 Mephitic Cloud           Conj/Pois/Air  0%         N/A       98%         3
 Spider Form              Tmut/Pois      0%         N/A       98%         3
 Summon Guardian Golem    Hex/Summ       0%         N/A       98%         3
 Teleport Other           Tloc           0%         N/A       98%         3
 Agony                    Necr           0%         N/A       100%        5
 Manifold Assault         Tloc           0%         N/A       100%        5
 Silence                  Hex/Air        0%         N/A       100%        5
 Summon Mana Viper        Hex/Summ       0%         N/A       100%        5
 Storm Form               Tmut/Air       0%         N/A       100%        7
 Borgnjor's Revivificati  Necr           0%         N/A       100%        8
 Necromutation            Tmut/Necr      0%         N/A       100%        8
 Death's Door             Necr           0%         N/A       100%        9


Dungeon Overview and Level Annotations

Branches:
Dungeon (9/15)             Temple (0/1) D:6            Lair (6/6) D:9
 Shoals (0/4) Lair:2       Spider (0/4) Lair:3        Slime (0/5) Lair:6
  Sewer (visited)         Ossuary (visited)
    Orc: D:9-12

Altars:
Qazlal
Ru

Shops:
D:3 *

Annotations:
Lair:1 2 transporters, Stonecrops's ghost, journeyman GrFi
Lair:6 Nessos
Abyss:1 Grum


Innate Abilities, Weirdness & Mutations

You are immune to sickness and miasma.
Your stone body is resilient. (AC +9)
You are immune to poison.
You resist negative energy. (rN+)
You are resistant to electric shocks. (rElec)
You are resistant to unholy torment.
You are immune to petrification.
You are partially covered in iridescent scales. (AC +2)
You are weak. (Str -2)


Message History

Press: ? - help, Q - select action, (/) - cycle Shift-Dir - straight line, f/p - Nessos
Aim: Nessos, wielding a +2 longbow of flaming, wearing a +0 barding and quivering arrows (heavily wounded, fast, extremely poisoned, 73% to hit)
You throw a poisoned dart. The poisoned dart barely misses Nessos.
Nessos shoots an arrow.
The arrow barely misses you.
The arrow hits the plant!!
The plant begins to die.
The arrow burns the plant.
Nessos shoots an arrow.
The arrow hits you! The arrow burns you.
Throw: 14 darts (poison)
Press: ? - help, Q - select action, (/) - cycle Shift-Dir - straight line, f/p - Nessos
Aim: Nessos, wielding a +2 longbow of flaming, wearing a +0 barding and quivering arrows (severely wounded, fast, extremely poisoned, 73% to hit)
You throw a poisoned dart. The poisoned dart hits Nessos.
Nessos looks as sick as possible!
Nessos is severely wounded.
Nessos shoots an arrow.
The arrow misses you.
The arrow hits the plant!!
The arrow burns the plant.
The plant looks as sick as possible!
Nessos shoots an arrow.
The arrow barely misses you.
The arrow hits the plant!!
The arrow burns the plant.
Nessos shoots an arrow.
The arrow hits you! The arrow burns you.
* * * LOW HITPOINT WARNING * * *
You are confused.
You feel invigorated.
Nessos shoots an arrow.
The arrow closely misses you.
The arrow hits the plant!!
The arrow burns the plant!
Unknown command.
Nessos shoots an arrow.
The arrow hits you!
* * * LOW HITPOINT WARNING * * *
The arrow burns you.
* * * LOW HITPOINT WARNING * * *
Nessos casts a spell.
Nessos blinks!
A nearby plant withers and dies.
Nessos shoots an arrow.
The arrow closely misses you.
Nessos mumbles some strange words.
Nessos blinks!
Nessos stands on their hind legs for a moment.
Nessos shoots an arrow.
The arrow hits you.
* * * LOW HITPOINT WARNING * * *
The arrow burns you.
* * * LOW HITPOINT WARNING * * *
Unknown command.
Nessos shoots an arrow.
The arrow hits you!!
You die...

.. # .. # .. . .. . .# .
## . #### ## ###. .
####..###P###.. ####..# .
###(.(.(.@P....... .....P.
..........P.....PP..#.....
......................<...
.#.....(........#....PP...
##((....##....#.......#..
#...((..###..#.#P...#....
#.c..(..§#...####...#....
#........††##.#.#.........
..........................


You could see Nessos (fast, very poisoned).

Vanquished Creatures
  Josephine (Lair:5)
  A two-headed ogre (D:9)
  Nergalle (Lair:2)
  5 black mambas
  Joseph (D:8)
  8 cane toads
  Maggie (D:8)
  6 komodo dragons
  A rime drake (Lair:2)
  Psyche (D:8)
  5 polar bears
  A hornet (Lair:3)
  16 blink frogs
  Sigmund (D:4)
  5 wraiths
  35 yaks
  4 wyverns
  4 basilisks
  2 steam dragons
  A warg (Lair:6)
  17 water moccasins
  An orc warrior (D:6)
  2 black bears
  2 ogres
  A centaur (D:9)
  14 wolves
  10 bullfrogs
  2 elf zombies (Ossuary)
  4 kobold brigands
  A gnoll sergeant (D:5)
  3 scorpions (D:5)
  A water moccasin skeleton (D:4)
  17 killer bees
  4 wights (D:8)
  3 centaur zombies
  2 orc priests
  A bullfrog skeleton (D:4)
  A jelly (D:4)
  2 human zombies (Ossuary)
  2 centaur skeletons
  Jessica (D:3)
  Ijyb (D:4)
  Natasha (thrice) (D:2)
  2 orc wizards (D:8)
  7 hell rats (Lair:5)
  A hound zombie (Ossuary)
  4 mummies
  4 gnolls
  10 adders
  A river rat (Sewer)
  2 ufetubi
  2 worms (Sewer)
  5 adder zombies (Ossuary)
  2 dart slugs
  15 orcs
  6 ball pythons
  11 endoplasms
  5 giant cockroaches
  9 goblins
  6 hobgoblins
  6 quokkas
  5 bats
  5 frilled lizards
  2 gnoll zombies (Ossuary)
  3 goblin zombies (Ossuary)
  5 hobgoblin zombies (Ossuary)
  3 jackal zombies (Ossuary)
  26 kobolds
  7 kobold zombies
  2 orc zombies
  2 quokka zombies (Ossuary)
  15 rats
  A rat zombie (Ossuary)
369 creatures vanquished.

Vanquished Creatures (others)
  A gnoll (D:6)
  A bush (Lair:3)
  23 fungi
  41 plants
66 creatures vanquished.

Grand Total: 435 creatures vanquished

Notes
Turn   | Place    | Note
-------+----------+-------------------------------------------
     0 | Abyss:1  | Gargoyl the Gargoyle Abyssal Knight began the quest for the
                  | Orb.
     0 | Abyss:1  | Reached XP level 1. HP: 14/14 MP: 2/2
     0 | D:1      | Escaped the Abyss
    66 | D:1      | Reached * piety under Lugonu
    67 | D:1      | Reached skill level 2 in Axes
    79 | D:1      | Reached XP level 2. HP: 11/19 MP: 0/3
   586 | D:1      | Reached XP level 3. HP: 14/23 MP: 4/4
  1608 | D:2      | Reached ** piety under Lugonu
  1624 | D:2      | Noticed Natasha
  1635 | D:2      | Killed Natasha
  1636 | D:2      | Reached XP level 4. HP: 10/29 MP: 5/5
  1638 | D:2      | Noticed Natasha
  1658 | D:2      | Killed Natasha
  1947 | D:2      | Reached skill level 3 in Axes
  2132 | D:2      | Found a faded altar of an unknown god.
  2371 | D:2      | Reached XP level 5. HP: 32/33 MP: 6/6
  2413 | D:2      | Noticed Natasha
  2427 | D:2      | Killed Natasha
  2428 | D:2      | Reached skill level 1 in Dodging
  2874 | D:3      | Found Etubliud's General Store.
  3117 | D:3      | Noticed Jessica
  3132 | D:3      | Killed Jessica
  3511 | D:4      | Noticed Ijyb
  3532 | D:4      | Killed Ijyb
  3533 | D:4      | Reached XP level 6. HP: 30/39 MP: 7/7
  3633 | D:4      | Found a sand-covered staircase.
  3698 | Ossuary  | Entered an ossuary
  3794 | Ossuary  | Reached *** piety under Lugonu
  3799 | Ossuary  | Reached skill level 4 in Axes
  4057 | Ossuary  | Reached XP level 7. HP: 33/44 MP: 8/8
  4391 | Ossuary  | Reached skill level 5 in Fighting
  4552 | Ossuary  | Reached skill level 5 in Axes
  5466 | D:5      | Entered Level 5 of the Dungeon
  5542 | D:5      | Noticed Sigmund
  5548 | D:5      | Reached skill level 5 in Armour
  5871 | D:5      | Reached **** piety under Lugonu
  5889 | D:5      | Reached XP level 8. HP: 49/49 MP: 9/9
  5931 | D:5      | Found a glowing drain.
  5960 | D:5      | Reached skill level 6 in Axes
  5974 | Sewer    | Entered a sewer
  6778 | D:5      | Got the Collected Works on Lightness and Summoning
  6816 | D:4      | Killed Sigmund
  6992 | D:5      | Reached skill level 7 in Axes
  8196 | D:6      | Found a staircase to the Ecumenical Temple.
  8377 | D:7      | Noticed a wyvern
  8378 | D:7      | Reached XP level 9. HP: 55/55 MP: 10/10
  8394 | D:6      | Reached skill level 1 in Throwing
  9002 | D:7      | Reached skill level 8 in Axes
  9313 | D:7      | Found a sacrificial altar of Ru.
  9384 | D:8      | Noticed Maggie
  9414 | D:8      | Killed Maggie
  9982 | D:8      | Noticed Joseph
 10017 | D:8      | Killed Joseph
 10303 | D:8      | Reached XP level 10. HP: 59/61 MP: 11/13
 10345 | D:8      | Found a stormy altar of Qazlal.
 10363 | D:8      | Noticed Grum
 10378 | D:8      | Banished Grum
 10379 | D:8      | Reached skill level 9 in Axes
 10805 | D:8      | HP: 3/61 [wight (2)]
 11144 | D:8      | Noticed Psyche
 11195 | D:8      | Killed Psyche
 11703 | D:9      | Reached skill level 1 in Stealth
 11863 | D:9      | Noticed a two-headed ogre
 11911 | D:9      | Killed a two-headed ogre
 12205 | D:9      | Found a staircase to the Lair.
 12243 | D:9      | Reached skill level 10 in Axes
 12243 | D:9      | Reached skill level 5 in Invocations
 12538 | Lair:1   | Entered Level 1 of the Lair of Beasts
 12751 | Lair:1   | Found a transporter.
 12928 | Lair:1   | Found a transporter.
 13013 | Lair:1   | Noticed Stonecrops's ghost (journeyman GrFi)
 13013 | Lair:1   | Noticed a cane toad
 13166 | Lair:1   | Noticed a cane toad
 13431 | Lair:2   | Gained mutation: You are weak. (Str -2) [potion of
                  | mutation]
 13431 | Lair:2   | Gained mutation: You are partially covered in iridescent
                  | scales. (AC +2) [potion of mutation]
 13437 | Lair:3   | Noticed a cane toad
 13460 | Lair:3   | Killed a cane toad
 13461 | Lair:3   | Reached XP level 11. HP: 62/67 MP: 14/14
 13474 | Lair:3   | Reached skill level 5 in Dodging
 13575 | Lair:2   | Reached ***** piety under Lugonu
 13657 | Lair:2   | Found a staircase to the Shoals.
 13777 | Lair:2   | Noticed a six-headed hydra
 13781 | Lair:2   | Banished a six-headed hydra
 14148 | Lair:2   | Reached skill level 11 in Axes
 14502 | Lair:3   | Identified the +3 kite shield "Caibriwn" {Rampage Dex+3}
 14956 | Lair:3   | Reached skill level 1 in Shields
 14956 | Lair:3   | Reached XP level 12. HP: 67/75 MP: 17/17
 15279 | Lair:3   | Noticed a four-headed hydra
 15281 | Lair:3   | Banished a four-headed hydra
 15282 | Lair:3   | Reached skill level 12 in Axes
 15493 | Lair:3   | Found a hole to the Spider Nest.
 15955 | Lair:2   | Noticed Nergalle
 16008 | Lair:2   | Killed Nergalle
 17102 | Lair:4   | Noticed a seven-headed hydra
 17106 | Lair:4   | Banished a seven-headed hydra
 18271 | Lair:5   | Reached XP level 13. HP: 45/80 MP: 19/19
 18728 | Lair:5   | Reached skill level 13 in Axes
 19083 | Lair:6   | Entered Level 6 of the Lair of Beasts
 19085 | Lair:6   | Noticed Josephine
 19177 | Lair:5   | Killed Josephine
 19570 | Lair:6   | Found a staircase to the Slime Pits.
 20168 | Lair:6   | Reached skill level 5 in Shields
 20252 | Lair:6   | Noticed Nessos
 20312 | Lair:6   | Shot with an arrow by Nessos

Illustrated notes

Levels and vault maps discovered:
D:1:      dpeg_arrival_subterranean_lakeside_camping, layout_basic
D:2:      layout_loops_ring, ebering_ecumenical_altar_mist, uniq_natasha
D:3:      layout_loops_ring, serial_shops, nicolae_shop_statue_plus,
          uniq_jessica
D:4:      layout_basic, nicolae_ossuary_entry_giza, lemuel_old_faithful,
          uniq_ijyb
D:5:      layout_rooms, gup_sewer_entry_glass, uniq_sigmund
D:6:      layout_rooms, minmay_temple_entry_steel_oval,
          nicolae_elevator_lobby_asterisk
D:7:      layout_rooms, nicolae_ru_path_of_blood
D:8:      layout_basic, amcnicky_altar_gilded, uniq_joseph, uniq_psyche,
          uniq_maggie, uniq_grum
D:9:      layout_big_octagon, david_lair_shrubbed
Lair:1:   layout_regular_city, nzn_ghost_randoct
Lair:2:   nzn_winding_woodlands_cross [nzn_winding_woodlands_5x15_jagged,
          nzn_winding_woodlands_5x15_parted, nzn_winding_woodlands_5x15_twine,
          nzn_winding_woodlands_5x15_sawtooth,
          nzn_winding_woodlands_15x15_eel_pit], layout_concentric_octagons,
          shoals_dummy_entry, minivault_24, minivault_25, uniq_nergalle
Lair:3:   layout_roguey, hellmonk_spider_entry_not_the_bees, lemuel_fruit_tree,
          grunt_megastairs_3, infiniplex_staircase_pool
Lair:4:   layout_long_grid
Lair:5:   layout_cave_pods, grunt_megastairs_4
Lair:6:   hangedman_lair_caniforms_friends, layout_regular_city,
          hangedman_lair_in_review, dpeg_slime_entry_corner,
          gammafunk_lair_bear_cave, uniq_josephine, uniq_nessos

Skill      XL: |  1  2  3  4  5  6  7  8  9 10 11 12 13 |
---------------+----------------------------------------+-----
Axes           | 2 3 4 5 7 8 10 11 12 13 | 13.5
Armour         | 3 4 5 6 7 8 |  8.2
Fighting       | 4 5 6 7 8 9 |  9.6
Dodging        | 1 2 3 4 6 7 |  7.9
Throwing       | 2 |  2.9
Invocations    | 4 5 6 8 9 |  9.3
Stealth        | 1 |  1.9
Shields        | 1 3 5 |  5.0

Action                   |  1- 3 |  4- 6 |  7- 9 | 10-12 | 13-15 || total
-------------------------+-------+-------+-------+-------+-------++-------
Melee: Hand axe          |   116 |   263 |   635 |  1285 |   406 ||  2705
       Punch             |       |     2 |    11 |    11 |       ||    24
Throw: Dart              |       |       |    41 |    19 |    15 ||    75
Invok: Depart the Abyss  |     1 |       |       |       |       ||     1
       Bend Space        |       |       |     5 |     3 |       ||     8
       Banish            |       |       |     3 |    10 |     5 ||    18
  Use: Scroll            |     1 |     1 |    14 |    11 |     2 ||    29
       Potion            |       |       |     5 |     5 |     1 ||    11
 Stab: Sleeping          |       |       |       |     1 |     1 ||     2
Armor: Leather armour    |    25 |       |       |       |       ||    25
       Chain mail        |    24 |   195 |   433 |       |       ||   652
       Acid dragon scale |       |       |    11 |   694 |   280 ||   985
       Skin              |       |       |       |    11 |       ||    11
Dodge: Dodged            |    68 |    97 |   261 |   795 |   313 ||  1534
Block: Kite shield       |       |       |       |   434 |   367 ||   801

Table legend: (Time is in decaauts)
 A = Elapsed time spent in this place.
 B = Non-inter-level travel time spent in this place.
 C = Inter-level travel time spent in this place.
 D = Time resting spent in this place.
 E = Time spent auto-exploring this place.
 F = Levels seen in this place.
 G = Mean time per level.
                   A        B        C        D        E       F      G
               +--------+--------+--------+--------+--------+-----+--------+
         Total |  20265 |  19828 |    437 |   2055 |  12857 |  18 | 1125.8 |
       Dungeon |  10791 |  10572 |    219 |   1521 |   6752 |   9 | 1199.0 |
          Lair |   7539 |   7322 |    217 |    534 |   4822 |   6 | 1256.5 |
         Abyss |      0 |      0 |      0 |      0 |      0 |   1 |    0.0 |
         Sewer |    958 |    958 |      0 |      0 |    633 |   1 |  958.0 |
       Ossuary |    977 |    977 |      0 |      0 |    649 |   1 |  977.0 |
               +--------+--------+--------+--------+--------+-----+--------+

Top non-repeatable levels by time:
     D:8: 1682 daAuts
  Lair:2: 1648 daAuts
     D:1: 1579 daAuts
  Lair:3: 1513 daAuts
  Lair:5: 1343 daAuts
  Lair:4: 1294 daAuts
     D:5: 1240 daAuts
     D:4: 1184 daAuts
     D:9: 1153 daAuts
     D:2: 1147 daAuts
     D:7: 1071 daAuts
 Ossuary: 977 daAuts
   Sewer: 958 daAuts
     D:6: 904 daAuts
  Lair:6: 880 daAuts
